 Dungeon Crawl Stone Soup version 0.26.1-11-gd32895ea62 (webtiles) character file.

Game seed: 9399941868074747102

961 LadyBoffin the Skirmisher (level 8, -1/130 HPs)
             Began as an Ogre Berserker on May 1, 2021.
             Was a Priest of Trog.
             Splashed by a jelly's acid (3 damage)
             ... on level 5 of the Dungeon.
             The game lasted 00:14:08 (5632 turns).

LadyBoffin the Skirmisher (Ogre Berserker)          Turns: 5632, Time: 00:14:08

Health: -1/130     AC: 16    Str: 23 (24) XL:     8   Next: 15%
Magic:  8/8        EV:  1    Int:  7 (8)  God:    Trog [***...]
Gold:   256        SH:  0    Dex: 12 (14) Spells: 7/7 levels left

rFire    . . .     SeeInvis .   a - +2 hand axe
rCold    . . .     Faith    .   (no shield)
rNeg     + + +     Spirit   .   (armour currently unavailable)
rPois    +         Reflect  .   (helmet currently unavailable)
rElec    .         Harm     .   (cloak currently unavailable)
rCorr    .         Rampage  .   (gloves unavailable)
Will     .....     NoTele   +   (boots unavailable)
Stlth    ++........             (no amulet)
HPRegen  0.31/turn              m - +6 ring of dexterity
MPRegen  0.11/turn              (no ring)

@: tree-form, corroded, berserk cooldown, slowed, very slow
A: large, unfitting armour
a: Renounce Religion, Berserk, Trog's Hand


You were on level 5 of the Dungeon.
You worshipped Trog.
Trog was most pleased with you.
You were a tree.
You visited 2 branches of the dungeon, and saw 6 of its levels.

You collected 256 gold pieces.

Inventory:

Hand Weapons
 a - a +2 hand axe (weapon)
Armour
 b - a +0 animal skin (melded)
Jewellery
 m - a +6 ring of dexterity (left branch)
Wands
 q - a wand of polymorph (16)
 s - a wand of iceblast (10)
 u - a wand of paralysis (10)
Scrolls
 e - a scroll of amnesia {unknown}
 f - 4 scrolls of fog
 g - 6 scrolls of remove curse
 l - a scroll of teleportation
 n - a scroll of enchant armour {unknown}
 o - a scroll of fear {unknown}
 r - a scroll of noise {unknown}
 t - a scroll of identify
Potions
 c - 4 potions of attraction
 d - 2 potions of degeneration
 h - 2 potions of magic
 i - a potion of might {unknown}
 j - a potion of heal wounds {unknown}
 k - a potion of lignification
 p - a potion of haste {unknown}


   Skills:
 * Level 7.2 Fighting
 + Level 6.7 Axes
 + Level 5.0 Dodging
 - Level 1.3 Stealth


You had 7 spell levels left.
You didn't know any spells.
Your spell library contained the following spells:

 Spells                   Type           Power        Failure   Level
 Animate Skeleton         Necr           0%           43%         1
 Apportation              Tloc           0%           43%         1
 Corona                   Hex            0%           43%         1
 Summon Small Mammal      Summ           0%           43%         1


Dungeon Overview and Level Annotations

Branches:
Dungeon (5/15)             Temple (1/1) D:4

Altars:
Ashenzari
Elyvilon
Fedhas
Kikubaaqudgha
Makhleb
Okawaru
Qazlal
Ru
Sif Muna
Trog
Vehumet
Wu Jian
Xom
Zin
The Shining One


Innate Abilities, Weirdness & Mutations

You are too large for most types of armour.
((You have tough skin. (AC +1)))


Message History

The jelly hits you.
* * * LOW HITPOINT WARNING * * *
You are splashed with acid.
* * * LOW HITPOINT WARNING * * *
It was a potion of degeneration.
There was something very wrong with that liquid.
You feel weakened.
You feel dopey.
You feel clumsy. The jelly closely misses you.
It was a potion of lignification.
You turn into a tree.
Your +0 animal skin melds into your body.
Your roots penetrate the ground.
The jelly completely misses you. The jelly hits you but does no damage.
The jelly hits you but does no damage.
The jelly hits you but does no damage. x2
You hit the jelly. The acid corrodes you!
Your branches burn!
* * * LOW HITPOINT WARNING * * *
The jelly is heavily wounded.
The jelly hits you but does no damage.
You hit the jelly.
Your branches burn!
You die...

####.......#.##.#.#
#...............#..
#.##.....#...######
#...<........#
###.#######..# # #
#.# #..#
...#.###†#######...
..................>.
.......♣...........[
....../J........
................
................
................
................
................
................


You could see a jelly.

Vanquished Creatures
  Grinder (D:5)
  2 centaurs
  A howler monkey (D:4)
  A crimson imp (D:4)
  2 hounds (D:4)
  3 orc priests (D:3)
  A gnoll shaman (D:4)
  An iguana (D:4)
  4 orc wizards
  2 worker ants (D:4)
  5 gnolls (D:4)
  2 adders (D:2)
  A shadow imp (D:5)
  An ooze (D:2)
  An adder skeleton (D:5)
  2 worms (D:3)
  A dart slug (D:1)
  7 leopard geckos
  13 orcs
  4 giant cockroaches
  2 goblins
  5 hobgoblins
  4 jackals (D:4)
  6 kobolds
  A quokka (D:2)
  10 bats
  9 frilled lizards
  3 goblin skeletons (D:4)
  2 hobgoblin zombies (D:4)
  A kobold skeleton (D:4)
  A kobold zombie (D:4)
  2 orc skeletons (D:4)
  A quokka skeleton (D:5)
  3 rats
105 creatures vanquished.

Vanquished Creatures (others)
  11 plants
11 creatures vanquished.

Grand Total: 116 creatures vanquished

Notes
Turn   | Place    | Note
-------+----------+-------------------------------------------
     0 | D:1      | LadyBoffin the Ogre Berserker began the quest for the Orb.
     0 | D:1      | Reached XP level 1. HP: 24/24 MP: 1/1
   420 | D:1      | Reached XP level 2. HP: 27/32 MP: 2/2
  1191 | D:2      | Reached XP level 3. HP: 38/40 MP: 3/3
  1384 | D:2      | Found a stormy altar of Qazlal.
  1702 | D:2      | Reached ** piety under Trog
  2048 | D:3      | Reached XP level 4. HP: 46/49 MP: 4/4
  2328 | D:3      | Reached XP level 5. HP: 28/55 MP: 5/5
  2329 | D:3      | Reached skill level 5 in Fighting
  2907 | D:3      | Reached skill level 1 in Stealth
  3005 | D:4      | HP: 4/85 [iguana (10)]
  3011 | D:4      | Reached XP level 6. HP: 5/66 MP: 6/6
  3020 | D:4      | HP: 4/99 [leopard gecko (3)]
  3682 | D:4      | Reached *** piety under Trog
  3687 | D:4      | Found a glowing golden altar of the Shining One.
  3716 | D:4      | Reached skill level 5 in Axes
  3871 | D:4      | Found a white marble altar of Elyvilon.
  3894 | D:4      | Reached XP level 7. HP: 16/74 MP: 7/7
  4328 | D:4      | Found a staircase to the Ecumenical Temple.
  4337 | Temple   | Entered the Ecumenical Temple
  4541 | D:4      | Reached skill level 6 in Fighting
  4638 | D:4      | Found an ornate altar of the Wu Jian Council.
  4994 | D:5      | Entered Level 5 of the Dungeon
  4994 | D:5      | Found a bloodstained altar of Trog.
  5603 | D:5      | Noticed Grinder
  5625 | D:5      | Killed Grinder
  5626 | D:5      | Reached skill level 7 in Fighting
  5626 | D:5      | Reached skill level 5 in Dodging
  5626 | D:5      | Reached XP level 8. HP: 23/87 MP: 8/8
  5626 | D:5      | HP: 2/87 [acid (5)]
  5631 | D:5      | HP: 1/130 [acid (4)]
  5632 | D:5      | Splashed by a jelly's acid

Illustrated notes

Levels and vault maps discovered:
D:1:      saegor_arrival_simple_a, layout_basic, serial_forest,
          infiniplex_forest_clump_curved, infiniplex_forest_clump_curved,
          infiniplex_forest_clump_long, infiniplex_forest_lined_2,
          infiniplex_forest_clump_diagonal, infiniplex_forest_end_1
D:2:      layout_loops_ring, lemuel_crystal_altar
D:3:      layout_rooms, minmay_increasing_density
D:4:      layout_basic, nzn_wu_jian_contemplation, nicolae_tso_besieged_by_evil,
          elyvilon_altar_3, minmay_temple_entry_poolview,
          kennysheep_another_room, minmay_lizard_king
D:5:      layout_basic, grunt_temple_overflow_opulence, bloody_trog,
          uniq_grinder, uniq_prince_ribbit1
Temple:   compressed_dpeg_circular_temple

Skill      XL: |  1  2  3  4  5  6  7 |
---------------+----------------------+-----
Dodging        | 3 4 5 |  5.0
Axes           | 4 5 6 |  6.7
Fighting       | 5 7 |  7.2
Stealth        | 1 |  1.3

Action                   |  1- 3 |  4- 6 |  7- 9 || total
-------------------------+-------+-------+-------++-------
Melee: Hand axe          |   111 |   167 |    74 ||   352
Invok: Berserk           |       |     3 |     4 ||     7
       Trog's Hand       |       |     1 |       ||     1
  Use: Scroll            |     8 |     2 |       ||    10
       Potion            |       |       |     2 ||     2
 Stab: Sleeping          |     1 |     1 |       ||     2
Armor: Animal skin       |    64 |    45 |     8 ||   117
       Skin              |       |       |     5 ||     5
Dodge: Dodged            |    84 |    90 |    43 ||   217
